 Dungeon Crawl Stone Soup version 0.27-a0-1280-g9d2d252d84 (webtiles) character file.

Game seed: 11349790584389797115

1037 CryoSword the Ruffian (level 8, -1/79 HPs)
             Began as a Troll Monk on June 13, 2021.
             Was a Believer of Makhleb.
             Slain by Pikel (7 damage)
             ... on level 5 of the Dungeon.
             The game lasted 00:09:10 (3556 turns).

CryoSword the Ruffian (Troll Monk)                  Turns: 3556, Time: 00:09:10

Health: -1/79      AC:  4    Str: 20    XL:     8   Next: 4%
Magic:  7/7        EV: 12    Int:  6    God:    Makhleb [**....]
Gold:   159        SH:  9    Dex: 14    Spells: 7/7 levels left

rFire    . . .     SeeInvis .     - Unarmed
rCold    . . .     Faith    .   h - +0 kite shield
rNeg     . . .     Spirit   .   k - +0 animal skin
rPois    +         Reflect  .   (helmet restricted)
rElec    .         Harm     .   (no cloak)
rCorr    .         Rampage  .   (gloves unavailable)
Will     .....                  (boots unavailable)
Stlth    ++........             (no amulet)
HPRegen  1.23/turn              o - +4 ring of evasion {=R}
MPRegen  0.10/turn              q - ring of poison resistance

@: no status effects
A: large, unfitting armour, claws 3, regeneration 1, shaggy fur 1, tough skin 1
a: Renounce Religion, Minor Destruction


You were on level 5 of the Dungeon.
You worshipped Makhleb.
Makhleb was pleased with you.
You visited 2 branches of the dungeon, and saw 6 of its levels.

You collected 183 gold pieces.
You spent 24 gold pieces at shops.

Inventory:

Armour
 h - a +0 kite shield (worn)
   (You found it on level 1 of the Dungeon)
 k - a +0 animal skin (worn)
   (You took it off Robin on level 2 of the Dungeon)
Jewellery
 g - a ring of fire
   (You found it on level 1 of the Dungeon)
 o - a +4 ring of evasion (left claw) {=R}
   (You found it on level 3 of the Dungeon)
 q - a ring of poison resistance (right claw)
   (You found it on level 3 of the Dungeon)
Scrolls
 a - 2 scrolls of torment {unknown}
 b - a scroll of fear {unknown}
 f - a scroll of teleportation {unknown}
 l - a scroll of noise {unknown}
 p - a scroll of vulnerability {unknown}
 r - a scroll of immolation {unknown}
Potions
 c - 2 potions of heal wounds {@q2}
 d - a potion of brilliance
 i - 3 potions of curing {@q1}
 j - a potion of mutation {!q}
 m - 2 potions of haste {@q3}
 n - 2 potions of flight


   Skills:
 + Level 4.6 Fighting
 - Level 2.4 Dodging
 - Level 1.0 Stealth
 + Level 3.4 Shields
 * Level 7.4 Unarmed Combat


You had 7 spell levels left.
You didn't know any spells.
Your spell library was empty.

Dungeon Overview and Level Annotations

Branches:
Dungeon (5/15)             Temple (1/1) D:4

Altars:
Ashenzari
Dithmenos
Elyvilon
Fedhas
Hepliaklqana
Makhleb
Nemelex Xobeh
Ru
Trog
Uskayaw
Vehumet
Wu Jian
Xom
Yredelemnul
Zin
The Shining One

Shops:
D:1 (   D:2 ?   D:3 [   D:4 ?

Annotations:
D:5 Pikel


Innate Abilities, Weirdness & Mutations

You are too large for most types of armour.
You have claws for hands.
Your natural rate of healing is unusually fast.
You are covered in fur. (AC +1)
You have tough skin. (AC +1)


Message History

Things that are here:
a +0 dagger; a goblin corpse You now have 159 gold pieces (gained 8).
m - 2 yellow potions (gained 1)
Items here: )) ††.
Could not explore, unopened door.
As you open the door, it creaks loudly!
Found a hazy altar of Hepliaklqana.
There is an open door here.
Found a shimmering altar of Xom.
The goblin shouts!
Could not explore, unopened door.
Could not explore, unopened door.
As you open the door, it creaks loudly!
There is an open door here.
A bullfrog skeleton comes into view.
A bullfrog skeleton is nearby!
A bullfrog skeleton is nearby!
A kobold comes into view. It is wielding a +0 short sword.
The kobold shouts!
The bullfrog skeleton closely misses you.
The kobold closely misses you.
You block the bullfrog skeleton's attack.
You claw the bullfrog skeleton! You block the kobold's attack.
The bullfrog skeleton hits you.
You claw the bullfrog skeleton!
The bullfrog skeleton barely misses you.
You block the kobold's attack.
You barely miss the bullfrog skeleton. The bullfrog skeleton hits you.
You block the kobold's attack.
You block the bullfrog skeleton's attack.
You claw the bullfrog skeleton! The kobold barely misses you.
You block the bullfrog skeleton's attack.
You barely miss the bullfrog skeleton.
The bullfrog skeleton closely misses you.
The kobold hits you but does no damage.
You claw the bullfrog skeleton!
You destroy the bullfrog skeleton!
Makhleb accepts your kill. The kobold hits you but does no damage.
You barely miss the kobold. The kobold hits you but does no damage.
You mangle the kobold!!
You kill the kobold!
Makhleb accepts your kill.
No target in view!
No target in view!
Things that are here:
a +0 short sword; a kobold corpse Done exploring.
Done exploring.
Done exploring.
q - a ring of poison resistance (right claw)
As you read the scroll of identify {@r1}, it crumbles to dust.
n - 2 potions of flight
As you read the scroll of identify {@r1}, it crumbles to dust.
m - 2 potions of haste
As you read the scroll of identify {@r1}, it crumbles to dust.
j - a potion of mutation
As you read the scroll of identify {@r1}, it crumbles to dust.
d - a potion of brilliance Drop what? 17/52 slots (_ for help) (? for menu, Esc to quit)
Okay, then.
Done exploring.
Done exploring.
There is a stone staircase leading down here.
You climb downwards. 4 lemures and Pikel come into view.
Pikel is wielding a +2 whip of flaming and carrying a wand of iceblast (6).
There is a stone staircase leading up here.
The lemure shouts!
Pikel shouts!
You climb upwards.
There is a stone staircase leading down here.
You claw the lemure! You block the lemure's attack.
The lemure hits you but does no damage.
You scratch the lemure. The lemure hits you. x2
You completely miss the lemure. The lemure barely misses you.
The lemure closely misses you. You block the lemure's attack.
The lemure hits you.
You mangle the lemure!!
You kill the lemure!
That felt strangely unrewarding.
The lemure hits you!
You mangle the lemure!! The lemure hits you but does no damage.
You claw the lemure! The lemure hits you!
You closely miss the lemure. The lemure barely misses you.
You claw the lemure!
You kill the lemure!
That felt strangely unrewarding.
You climb downwards.
Level annotation: Pikel The lemure hits you but does no damage.
The lemure closely misses you. You block the lemure's attack.
There is a stone staircase leading up here.
The lemure hits you but does no damage. The lemure barely misses you.
You climb upwards.
There is a stone staircase leading down here.
You claw the lemure! The lemure hits you.
The lemure hits you but does no damage.
You claw the lemure! The lemure closely misses you.
You block the lemure's attack.
You barely miss the lemure. The lemure barely misses you.
You block the lemure's attack.
You claw the lemure!
You kill the lemure!
That felt strangely unrewarding.
The lemure barely misses you.
You scratch the lemure but do no damage.
The lemure hits you.
You barely miss the lemure. The lemure closely misses you.
You mangle the lemure!! The lemure closely misses you.
You claw the lemure!
You kill the lemure!
That felt strangely unrewarding.
No target in view!
You start resting.
You climb downwards.
Level annotation: Pikel
There is a stone staircase leading up here.
Found a stone staircase leading down.
You barely miss Pikel.
Pikel hits you with a +2 whip of flaming.
Pikel burns you.
You closely miss Pikel.
Pikel hits you with a +2 whip of flaming.
Pikel burns you.
You scratch Pikel but do no damage. You block Pikel's attack.
Pikel drinks a potion.
Pikel seems to grow stronger.
You claw Pikel!
Pikel hits you with a +2 whip of flaming!
Pikel burns you.
You scratch Pikel.
Pikel hits you with a +2 whip of flaming!
Pikel burns you.
You barely miss Pikel. Pikel closely misses you.
You scratch Pikel but do no damage. Pikel closely misses you.
You claw Pikel! You block Pikel's attack.
You closely miss Pikel.
Pikel cracks his whip.
Pikel hits you with a +2 whip of flaming!
Pikel burns you.
* * * LOW HITPOINT WARNING * * *
You barely miss Pikel.
Pikel hits you with a +2 whip of flaming!
* * * LOW HITPOINT WARNING * * *
Pikel burns you.
* * * LOW HITPOINT WARNING * * *
You claw Pikel!
Pikel hits you with a +2 whip of flaming!
* * * LOW HITPOINT WARNING * * *
Pikel burns you!
You die...

########
#......#
#......#
#......#
#..K...###
#.@.......
#<.....#..
#......#
#........>
#......#..
######## .


You could see Pikel (strong).

Vanquished Creatures
  Grinder (D:4)
  Purgy (D:3)
  A sky beast (D:3)
  A necrophage (D:4)
  4 lemures (D:4)
  Dowan (D:3)
  A bullfrog skeleton (D:4)
  A jelly (D:4)
  Terence (D:2)
  Natasha (thrice) (D:2)
  3 iguanas (D:4)
  A hound skeleton (D:4)
  Robin (D:2)
  A howler monkey skeleton (D:4)
  5 adders
  An ufetubus (D:4)
  3 worms
  4 dart slugs
  8 orcs
  6 endoplasms
  A giant cockroach (D:1)
  26 goblins
  7 hobgoblins
  6 jackals
  3 quokkas
  11 ball pythons
  7 bats
  4 frilled lizards
  6 kobolds
  4 rats
123 creatures vanquished.

Vanquished Creatures (others)
  Duvessa (D:3)
1 creature vanquished.

Grand Total: 124 creatures vanquished

Notes
Turn   | Place    | Note
-------+----------+-------------------------------------------
     0 | D:1      | CryoSword the Troll Monk began the quest for the Orb.
     0 | D:1      | Reached XP level 1. HP: 22/22 MP: 0/0
   117 | D:1      | Found a faded altar of an unknown god.
   135 | D:1      | Found a faded altar of an unknown god.
   168 | D:1      | Found Firhimm's Antique Weapon Boutique.
   227 | D:1      | Reached XP level 2. HP: 29/29 MP: 1/1
   719 | D:2      | Found Torielua's Magic Scroll Shop.
   719 | D:2      | Noticed Natasha
   781 | D:2      | Killed Natasha
   782 | D:2      | Reached skill level 4 in Unarmed Combat
   782 | D:2      | Reached XP level 3. HP: 32/36 MP: 2/2
   800 | D:2      | Bought a scroll of identify for 24 gold pieces
   858 | D:2      | Noticed Robin
   891 | D:1      | Reached XP level 4. HP: 45/45 MP: 3/3
   929 | D:2      | Killed Robin
   930 | D:2      | Reached skill level 1 in Shields
  1089 | D:2      | Noticed Terence
  1100 | D:2      | Killed Terence
  1299 | D:2      | Noticed Natasha
  1308 | D:2      | Killed Natasha
  1309 | D:2      | Reached XP level 5. HP: 43/53 MP: 4/4
  1788 | D:2      | Noticed Natasha
  1791 | D:2      | Killed Natasha
  1792 | D:2      | Reached skill level 5 in Unarmed Combat
  1798 | D:3      | Found Teysabust's Armour Emporium.
  2055 | D:3      | Noticed a sky beast
  2065 | D:3      | Killed a sky beast
  2066 | D:3      | Reached XP level 6. HP: 48/61 MP: 5/5
  2221 | D:3      | Found a radiant altar of Vehumet.
  2580 | D:4      | Noticed Purgy
  2582 | D:4      | Noticed Duvessa
  2582 | D:4      | Noticed Dowan
  2610 | D:3      | Killed Purgy
  2611 | D:3      | Reached skill level 6 in Unarmed Combat
  2611 | D:3      | Reached XP level 7. HP: 67/68 MP: 6/6
  2673 | D:3      | Killed Duvessa
  2681 | D:3      | Killed Dowan
  2726 | D:4      | Found a staircase to the Ecumenical Temple.
  2746 | Temple   | Entered the Ecumenical Temple
  2895 | Temple   | Became a worshipper of Makhleb the Destroyer
  2895 | Temple   | Reached * piety under Makhleb
  2895 | Temple   | Reached ** piety under Makhleb
  3084 | D:4      | Noticed Grinder
  3085 | D:4      | Found a bloodstained altar of Trog.
  3093 | D:4      | Paralysed by Grinder for 7 turns
  3103 | D:4      | Killed Grinder
  3104 | D:4      | Reached skill level 7 in Unarmed Combat
  3219 | D:4      | Found a hide-covered altar of Uskayaw.
  3219 | D:4      | Noticed a +0 falchion
  3220 | D:4      | Noticed a +0 short sword
  3221 | D:4      | Noticed a +0 falchion
  3221 | D:4      | Noticed a +0 dagger
  3222 | D:4      | Noticed a +0 spear
  3222 | D:4      | Noticed a +0 dagger
  3223 | D:4      | Noticed a +0 spear
  3226 | D:4      | Noticed a +0 short sword
  3239 | D:4      | Reached XP level 8. HP: 79/79 MP: 7/7
  3263 | D:4      | Found Poidaohimn's Magic Scroll Shoppe.
  3385 | D:4      | Found a hazy altar of Hepliaklqana.
  3386 | D:4      | Found a shimmering altar of Xom.
  3387 | D:4      | Noticed a spectral ugly thing
  3512 | D:5      | Entered Level 5 of the Dungeon
  3512 | D:5      | Noticed Pikel
  3556 | D:5      | Slain by Pikel

Illustrated notes

Levels and vault maps discovered:
D:1:      ncdulo_wetmaze, layout_loops_ring,
          hellmonk_ecumenical_altar_the_god_not_taken, serial_shops, shop,
          amethyst_killhole
D:2:      layout_loops_ring, serial_shops, nicolae_shop_stone,
          minmay_pentomino_q4, uniq_terence, uniq_robin, uniq_natasha
D:3:      minmay_evil_eye, layout_basic, nicolae_overflow_crystal_walls,
          serial_shops, nicolae_shop_crystal, kennysheep_generic_room_5
D:4:      kennysheep_the_goblin_king, layout_cave_pools,
          regret_index_temple_of_mockery, amcnicky_altar_gilded,
          nicolae_uskayaw_en_pointe, minmay_temple_entry_trees, serial_shops,
          nicolae_shop_stone, uniq_purgy, uniq_grinder, uniq_duvessa
D:5:      layout_rooms, cheibriados_altar_1, serial_co_window_serial,
          co_window_paths_a, co_window_paths_a, co_window_of_opportunity_a,
          co_window_corner_a, co_window_of_opportunity_a, co_window_broadway_b,
          co_window_corner_cb, co_window_of_opportunity_b, glass_columns_a,
          glass_columns_a, glass_columns_b, glass_columns_c, glass_columns_a,
          kennysheep_dice, uniq_menkaure, uniq_edmund, uniq_sigmund, uniq_pikel
Temple:   minmay_temple_curvy_loop

Skill      XL: |  1  2  3  4  5  6  7 |
---------------+----------------------+-----
Unarmed Combat | 4 5 6 7 |  7.4
Fighting       | 3 4 |  4.6
Shields        | 1 2 3 |  3.4
Dodging        | |  2.4
Stealth        | |  1.0

Action                   |  1- 3 |  4- 6 |  7- 9 || total
-------------------------+-------+-------+-------++-------
Melee: Unarmed           |    91 |   171 |   104 ||   366
       Punch             |     1 |       |       ||     1
  Use: Scroll            |       |       |     4 ||     4
 Stab: Sleeping          |     1 |     3 |     1 ||     5
Armor: Robe              |    33 |     4 |       ||    37
       Animal skin       |       |    31 |    22 ||    53
Dodge: Dodged            |    40 |    87 |    46 ||   173
Block: Kite shield       |    16 |    68 |    57 ||   141

Table legend: (Time is in decaauts)
 A = Elapsed time spent in this place.
 B = Non-inter-level travel time spent in this place.
 C = Inter-level travel time spent in this place.
 D = Time resting spent in this place.
 E = Time spent auto-exploring this place.
 F = Levels seen in this place.
 G = Mean time per level.
                   A        B        C        D        E       F      G
               +--------+--------+--------+--------+--------+-----+--------+
         Total |   3617 |   3505 |    112 |     77 |   2479 |   6 |  602.8 |
       Dungeon |   3370 |   3281 |     89 |     77 |   2274 |   5 |  674.0 |
        Temple |    246 |    223 |     23 |      0 |    205 |   1 |  246.0 |
               +--------+--------+--------+--------+--------+-----+--------+

Top non-repeatable levels by time:
     D:2: 1076 daAuts
     D:1: 801 daAuts
     D:3: 785 daAuts
     D:4: 689 daAuts
  Temple: 246 daAuts
     D:5: 18 daAuts
